 Dungeon Crawl Stone Soup version 0.31-a0-175-g9f7f995f2b (webtiles) character file.

Game seed: 15056039642056541811

270 qw the Chopper (level 6, -2/38 HPs)
             Began as a Gargoyle Fighter on June 16, 2023.
             Slain by a gnoll
             ... wielding a +0 halberd
              (8 damage)
             ... on level 2 of the Dungeon.
             The game lasted 00:00:37 (961 turns).

qw the Chopper (Gargoyle Fighter)                    Turns: 961, Time: 00:00:38

Health: -2/38      AC: 11    Str: 22    XL:     6   Next: 22%
Magic:  6/6        EV:  9    Int:  8    God:
Gold:   21         SH:  4    Dex:  9    Spells: 5/5 levels left

rFire   . . .        Y - +0 war axe
rCold   . . .        c - +0 buckler
rNeg    + . .        b - +0 scale mail
rPois   inf          (no helmet)
rElec   +            (no cloak)
rCorr   .            (no gloves)
SInv    .            (no boots)
Will    .....        (no amulet) Stlth
                     (no ring)
HPRegen 0.26/turn    (no ring)
MPRegen 0.10/turn

%: no passive effects
@: no status effects
A: sickness immunity, AC +4, negative energy resistance 1, electricity
resistance, torment resistance 1, petrification resistance
a: no special abilities


You were on level 2 of the Dungeon.
You visited 1 branch of the dungeon, and saw 2 of its levels.

You collected 21 gold pieces.


Innate Abilities, Weirdness & Mutations

You are immune to sickness and miasma.
Your stone body is resilient. (AC +4)
You are immune to poison.
You resist negative energy. (rN+)
You are resistant to electric shocks. (rElec)
You are resistant to unholy torment.
You are immune to petrification.


   Skills:
 - Level 4.2 Fighting
 - Level 5.3 Axes
 - Level 3.2 Armour
 + Level 0.2 Dodging
 - Level 3.2 Shields


You had 5 spell levels left.
You didn't know any spells.
Your spell library was empty.

Inventory:

Hand Weapons
 k - a +0 club
 Y - a +0 war axe (weapon)
Armour
 b - a +0 scale mail (worn)
 c - a +0 buckler (worn)
Scrolls
 a - a scroll of torment {unknown}
 h - a scroll of identify {unknown}
Potions
 d - a potion of might
 e - a potion of ambrosia {unknown}
 f - a potion of mutation {unknown}
 g - a potion of degeneration {unknown}
 l - a potion of curing {unknown}
 m - a potion of cancellation {unknown}

Dungeon Overview and Level Annotations

Branches:
Dungeon (2/15)

Altars:


Message History

You slash the gnoll!
The gnoll is almost dead.
You closely miss the adder.
The gnoll hits you from afar with a +0 halberd.
The gnoll closely misses you. The adder bites you but does no damage.
The adder bites you. The gnoll closely misses you. The gnoll barely misses you.
You hit the gnoll but do no damage.
The gnoll is almost dead.
You miss the adder. The adder bites you but does no damage.
The gnoll hits you but does no damage. x2
You slash the gnoll!
You kill the gnoll!
You barely miss the adder. The adder barely misses you.
The gnoll barely misses you. The adder closely misses you.
You barely miss the adder. The adder barely misses you.
The gnoll closely misses you. The adder barely misses you.
You barely miss the adder. You block the gnoll's attack.
The adder bites you but does no damage. The gnoll barely misses you.
You slash the adder!
You kill the adder!
The gnoll throws a stone.
The stone hits you but does no damage. The gnoll barely misses you.
You see here an adder corpse.
Enter note:
Enter note:
Enter note:
Enter note: You hit the gnoll.
The gnoll is moderately wounded.
The gnoll closely misses you.
You closely miss the gnoll.
The gnoll is moderately wounded.
The gnoll hits you but does no damage.
You barely miss the gnoll.
The gnoll is moderately wounded.
The gnoll hits you with a +0 halberd!
You die...

#.##......#
#.##......#
#.........#
#####.....#
#.....# #######
#.....#
.......###.....#
......g)....####
.......@....'....
.......))...####.
................
.......##'#.####
....... #.#...
....... ..#....
####'## ###....#
#. ..#


You could see a gnoll.

Vanquished Creatures
  Sigmund (D:2)
  3 gnolls (D:2)
  4 adders (D:2)
  2 dart slugs (D:1)
  3 bats
  6 endoplasms
  A giant cockroach (D:1)
  2 goblins (D:1)
  4 hobgoblins (D:1)
  3 quokkas (D:1)
  3 ball pythons (D:1)
  A rat (D:1)
33 creatures vanquished.

Notes
Turn   | Place    | Note
-------+----------+-------------------------------------------
     0 | D:1      | qw the Gargoyle Fighter began the quest for the Orb.
     0 | D:1      | Reached XP level 1. HP: 14/14 MP: 1/1
     0 | D:1      | 0 ||| qw: Version: 0.2-a-29-g511e9b1
     0 | D:1      | 0 ||| qw: Game counter: 5662
     0 | D:1      | 0 ||| qw: Always use a shield: true
     0 | D:1      | 0 ||| qw: God list: Okawaru
     0 | D:1      | 0 ||| qw: Allow faded altars: false
     0 | D:1      | 0 ||| qw: Do Orc after D:15 true
     0 | D:1      | 0 ||| qw: Do second Lair branch before Depths: true
     0 | D:1      | 0 ||| qw: Lair rune preference: random
     0 | D:1      | 0 ||| qw: Plans: Normal, Zot:1-4, Slime:5, God:TSO, Crypt,
                  | Tomb, Abyss, Pan, Hells, Win
     0 | D:1      | 0 ||| PLANNING D:1-11
    32 | D:1      | Reached skill level 2 in Axes
    92 | D:1      | Reached XP level 2. HP: 19/19 MP: 2/2
   173 | D:1      | HP: 3/19 [frozen (2)]
   355 | D:1      | Reached skill level 3 in Axes
   470 | D:1      | Found a faded altar of an unknown god.
   543 | D:1      | 543 ||| Stepping ~*~*~tactically~*~*~ (hiding).
   551 | D:1      | Reached XP level 3. HP: 23/23 MP: 3/3
   624 | D:1      | 624 ||| READING scroll labelled FUICKARURAO.
   625 | D:1      | 625 ||| READING scroll labelled SECSEN WUENY.
   626 | D:1      | 626 ||| DRINKING 2 fuming orange potions.
   627 | D:1      | 627 ||| DROPPING potion of enlightenment.
   664 | D:2      | 664 ||| STAIRDANCE
   685 | D:2      | Noticed Sigmund
   695 | D:2      | Killed Sigmund
   696 | D:2      | Reached skill level 5 in Axes
   696 | D:2      | Reached XP level 4. HP: 11/28 MP: 4/4
   696 | D:2      | Reached XP level 5. HP: 12/32 MP: 5/5
   866 | D:2      | 866 ||| Stepping ~*~*~tactically~*~*~ (stealth).
   927 | D:2      | 927 ||| Stepping ~*~*~tactically~*~*~ (stealth).
   943 | D:2      | Reached XP level 6. HP: 32/38 MP: 6/6
   952 | D:2      | HP: 6/38 [gnoll/+0 halberd (5)]
   961 | D:2      | Slain by a gnoll

Levels and vault maps discovered:
D:1:      dpeg_arrival_rooms_b, layout_rooms,
          shapermc_ecumenical_altar_acropolis
D:2:      layout_basic, uniq_sigmund

Skill      XL: |  1  2  3  4  5  6 |
---------------+-------------------+-----
Axes           | 2 3 5 |  5.3
Fighting       | 4 |  4.2
Armour         | |  3.2
Dodging        | |  0.2
Shields        | |  3.2

Action                     |  1- 3 |  4- 6 || total
---------------------------+-------+-------++-------
  Melee: War axe           |    73 |    39 ||   112
    Use: Scroll            |     2 |       ||     2
         Potion            |     1 |       ||     1
 Armour: Scale mail        |    31 |    21 ||    52
  Dodge: Dodged            |    31 |    41 ||    72
  Block: Buckler           |    14 |     9 ||    23

Table legend:
 A = Non-vault XP
 B = Vault XP
 C = Vault XP percentage of total XP
 D = Non-vault monster count
 E = Vault monster count
 F = Vault count percentage of total count
                 A         B        C        D         E       F
            +---------+---------+-------+---------+---------+-------
      Total |     147 |     239 |  61.9 |      32 |       1 |   3.0
            +---------+---------+-------+---------+---------+-------
        D:1 |      44 |       0 |   0.0 |      22 |       0 |   0.0
        D:2 |     103 |     239 |  69.9 |      10 |       1 |   9.1
            +---------+---------+-------+---------+---------+-------
